Map: Ephemeron LE

Players

Mez

  • Race: Terran Terran
  • League: Master
  • Spawn Location: 5:00

Emilia - Winner!

  • Race: Terran Terran
  • League: Master
  • Spawn Location: 11:00

VOD

Have the link to the VOD?

Description

Time

  • Played on: Aug. 31, 2019, 7:58 a.m.
  • Length: 6:40
Show
View Real Time Build Order
Export as new Build Order

Mez Terran 

Build Orders:  

Get SALT Encoding   

  12  0:00  SCV  
  13  0:12  SCV  
  14  0:18  Supply Depot  
  14  0:25  SCV  
  15  0:29  Refinery  
  15  0:40  SCV  
  16  0:46  Barracks  
  16  0:52  SCV  
  17  1:04  SCV  
  18  1:16  SCV  
  20  1:33  Reaper  
  20  1:34  Orbital Command  
  20  1:47  Command Center  
  20  2:01  SCV, Factory  
  21  2:08  Barracks Reactor  
  21  2:16  SCV, Supply Depot  
  22  2:26  Refinery  
  22  2:28  SCV  
  22  2:45  Marine x2  
  23  2:59  SCV  
  23  3:00  Factory Tech Lab  
  23  3:02  Marine  
  23  3:03  Marine  
  26  3:11  SCV  
  27  3:20  Cyclone  
  27  3:22  Orbital Command  
  27  3:24  SCV, Starport  
  31  3:27  Marine x2  
  33  3:37  SCV  
  34  3:45  Marine x2  
  36  3:49  SCV x2  
  36  3:54  Siege Tank  
  41  4:01  SCV  
  42  4:03  Starport Tech Lab  
  42  4:04  SCV  
  42  4:06  Marine x2  
  45  4:11  Supply Depot  
  45  4:13  SCV  
  33  4:47  SCV  
  33  4:48  SCV  
  31  4:53  Marine x2  
  31  4:55  Siege Tank, Raven  
  31  4:59  SCV  
  38  5:00  SCV  
  36  5:11  Marine  
  36  5:12  SCV x2  
  39  5:15  Marine  
  40  5:24  SCV x2  
  42  5:29  Cyclone  
  42  5:30  Marine  
  42  5:33  Marine  
  47  5:43  SCV x2  
  49  5:55  SCV x2  
  48  6:06  Starport Reactor  
  48  6:07  SCV x2  
  48  6:08  Command Center  
  48  6:09  Barracks x2, Refinery  
  48  6:10  Refinery  
  48  6:11  Supply Depot  
  50  6:12  Marine  
  50  6:13  Supply Depot  
  51  6:19  SCV x2  
Show
View Real Time Build Order
Export as new Build Order

Emilia Terran - Winner!

Build Orders: Liberator Opening 

Get SALT Encoding   

  12  0:02  SCV  
  14  0:14  SCV  
  14  0:18  Supply Depot  
  14  0:26  SCV  
  15  0:29  Refinery  
  15  0:40  SCV  
  16  0:46  Barracks  
  16  0:52  SCV  
  17  1:04  SCV  
  18  1:16  SCV  
  19  1:23  Refinery  
  19  1:28  SCV  
  20  1:33  Reaper  
  21  1:41  Orbital Command  
  21  1:48  Factory  
  21  1:58  Supply Depot  
  21  2:07  SCV  
  22  2:08  Barracks Reactor  
  22  2:19  SCV  
  23  2:31  SCV  
  23  2:32  Hellion  
  23  2:33  Starport  
  26  2:37  Supply Depot  
  26  2:43  SCV  
  27  2:53  Liberator  
  27  3:01  SCV  
  27  3:04  Supply Depot  
  27  3:05  Hellion x2  
  31  3:07  Reaper  
  35  3:14  SCV  
  35  3:19  Supply Depot  
  36  3:26  Hellion x2  
  40  3:30  SCV  
  41  3:41  Supply Depot  
  41  3:42  Barracks Tech Lab  
  41  3:45  SCV  
  42  3:54  Factory Tech Lab  
  42  3:59  Command Center  
  42  4:06  SCV  
  43  4:16  Siege Tank  
  46  4:17  Cloaking Field  
  46  4:18  Banshee  
  46  4:23  SCV  
  49  4:33  Marine x2  
  49  4:50  Siege Tank  
  42  5:05  Banshee  
  41  5:11  Supply Depot  
  41  5:15  Bunker  
  41  5:18  SCV  
  42  5:23  Siege Tank  
  42  5:26  Orbital Command  
  45  5:32  SCV  
  46  5:37  Marine x2  
  46  5:42  Supply Depot  
  48  5:44  SCV  
  49  5:51  Barracks  
  49  5:53  SCV  
  49  5:54  Barracks  
  49  5:57  SCV  
  51  6:01  Starport Reactor  
  51  6:03  Marine x2  
  53  6:05  SCV  
  53  6:11  Engineering Bay  
Tags
 
Add a new tag
Caveats
  • Supply blocks, unpowered buildings, or Contaminate may cause inaccurate times.
  • Supply counts are checked every 10 seconds.